cohdb
Replays
Latest Replays
All Replays
Popular Replays
Top Player Replays
Match Explorer
How It Works
Community
CoH3 Stats
Reddit
Sign in to upload your games and track your stats! →
Sign in with Steam
Match 25140033
Unlisted
Match 25140033
Overview
Messages
Build Orders
End
Vickers Machine Gun Team
Construct Section Command Post
Dingo Light Scout Car
Infantry Section
Infantry Section
Construct Platoon Command Post
Humber Armored Car
Selects Air and Sea Battlegroup
Selects Supply Surplus
Construct Field Infirmary
Selects Commando Section Paradrop
6-pounder Anti-tank Gun Team
Commando Section Paradrop
Selects M1 Pack Howitzer Paradrop
Construct Company Command Post
Matilda II Heavy Tank
Selects Incendiary Bombing Run
Incendiary Bombing Run
Matilda II Heavy Tank
Selects Centaur Medium Tank
Calamari
The Whistler
ikire
MR.DOGO-YT
Eber
Piros
0
0
Comments
sign in to comment!
No comments posted yet!